 Dungeon Crawl Stone Soup version 0.32-a0-818-gb728d0252e (webtiles) character file.

Game seed: 1093625746843017836

238 Nvm9 the Trooper (level 5, -1/42 HPs)
             Began as a Demonspawn Fighter on Mar 24, 2024.
             Slain by an ufetubus (4 damage)
             ... summoned by Eustachio
             ... on level 4 of the Dungeon.
             The game lasted 00:03:41 (2340 turns).

Nvm9 the Trooper (Demonspawn Fighter)               Turns: 2340, Time: 00:03:41

Health: -1/42      AC:  9    Str: 18    XL:     5   Next: 78%
Magic:  5/5        EV:  8    Int:  9    God:
Gold:   164        SH:  4    Dex: 12    Spells: 4/4 levels left

rFire   . . .        a - +1 war axe (chaos)
rCold   . . .        c - +0 buckler
rNeg    . . .        b - +0 scale mail
rPois   .            (no helmet)
rElec   .            (no cloak)
rCorr   .            (no gloves)
SInv    .            (no boots)
Will    .....        (no amulet) Stlth
                     (no ring)
HPRegen 0.27/turn    (no ring)
MPRegen 0.18/turn

%: no passive effects
@: mighty
A: yellow scales 1, powered by death 1, magic regeneration
a: no special abilities


You were on level 4 of the Dungeon.
You visited 1 branch of the dungeon, and saw 4 of its levels.

You collected 164 gold pieces.

Inventory:

Hand Weapons
 a - a +1 war axe of chaos (weapon)
Missiles
 j - 6 datura-tipped darts (quivered)
Armour
 b - a +0 scale mail (worn)
 c - a +0 buckler (worn)
Wands
 i - a wand of mindburst (23)
Scrolls
 e - a scroll of fog
 f - a scroll of brand weapon
 g - a scroll of teleportation
 k - a scroll of torment
 t - a scroll of blinking
Potions
 h - a potion of resistance
 r - 2 potions of lignification


   Skills:
 * Level 4.1 Fighting
 * Level 3.1 Axes
 + Level 1.0 Throwing
 * Level 3.8 Armour
 * Level 3.4 Shields


You had 4 spell levels left.
You didn't know any spells.
Your spell library was empty.

Dungeon Overview and Level Annotations

Branches:
Dungeon (4/15)
 Temple: D:4-7

Altars:
Ashenzari

Shops:
D:1 =

Annotations:
D:4 Eustachio


Innate Abilities, Weirdness & Mutations

You are partially covered in yellow scales. (AC +2)
You regenerate a little health from kills.
You regenerate magic rapidly.


Message History

You barely miss Eustachio. You closely miss the phantom. The phantom hits you!
The phantom blinks!
You blink.
Eustachio mumbles some strange words.
Unknown command.
Unknown command.
You hit the phantom. You burn the phantom.
The phantom is heavily damaged.
The phantom misses you.
You closely miss the phantom.
The phantom is heavily damaged.
The phantom barely misses you. The phantom completely misses you.
You barely miss the phantom.
The phantom is heavily damaged.
The phantom barely misses you.
The ufetubus hits you but does no damage. x2
You hit the phantom.
The phantom is severely damaged.
You hit Eustachio but do no damage. You hit the ufetubus.
The ufetubus is poisoned.
The phantom closely misses you.
Eustachio asks, "How can you live without manners, virtues and honour?"
Eustachio hits you with a +3 falchion of freezing.
* * * LOW HITPOINT WARNING * * *
Eustachio freezes you.
* * * LOW HITPOINT WARNING * * *
The ufetubus hits you.
* * * LOW HITPOINT WARNING * * *
The ufetubus hits you but does no damage.
Unknown command.
You feel very mighty all of a sudden. Eustachio hits you but does no damage.
The phantom hits you but does no damage.
The ufetubus hits you but does no damage.
The ufetubus hits you.
* * * LOW HITPOINT WARNING * * *
Unknown command.
The ufetubus slips past you!
The ufetubus hits you but does no damage. x2
Eustachio gestures wildly while chanting.
Eustachio blinks!
The ufetubus hits you.
You die...

################
#..............#
#..............#
######
###..............#
#.....
.................#
#.....
#..............#
#....<
#.........ยง5...#
#.....
#........5.W@..#
#...(.
#...........@5.#
#.....
######.#########
#.....
#######.#######.
..####.....
................
...........
#######.######..
.######.#.. #.#
#.#.# ##########.#
#.#.# .........#.#
#.#.#


You could see Eustachio, a phantom (strong), a shadow imp (summoned) and 2
ufetubi.

Vanquished Creatures
  A bombardier beetle (D:3)
  Jessica (D:3)
  A sleepcap (D:4)
  Ijyb (D:3)
  An iguana (D:3)
  6 adders
  A dart slug (D:3)
  An orc (D:3)
  4 ball pythons
  4 endoplasms (D:2)
  3 giant cockroaches
  3 goblins
  5 hobgoblins
  4 kobolds
  2 quokkas (D:2)
  2 bats (D:2)
  2 frilled lizards
  6 rats
48 creatures vanquished.

Notes
Turn   | Place    | Note
-------+----------+-------------------------------------------
     0 | D:1      | Nvm9 the Demonspawn Fighter began the quest for the Orb.
     0 | D:1      | Reached XP level 1. HP: 18/18 MP: 1/1
   207 | D:1      | Found Duavy's Jewellery Emporium.
   372 | D:1      | Gained mutation: You regenerate magic rapidly. [demonic
                  | ancestry]
   372 | D:1      | Reached XP level 2. HP: 24/24 MP: 2/2
   684 | D:2      | Gained mutation: You are partially covered in yellow
                  | scales. (AC +2) [demonic ancestry]
   684 | D:2      | Reached XP level 3. HP: 19/29 MP: 3/3
  1521 | D:3      | Reached XP level 4. HP: 17/36 MP: 4/4
  1736 | D:3      | Found a broken altar of Ashenzari.
  1829 | D:3      | Gained mutation: You regenerate a little health from kills.
                  | [demonic ancestry]
  1829 | D:3      | Reached XP level 5. HP: 42/42 MP: 5/5
  1881 | D:3      | Noticed Jessica
  1885 | D:3      | Killed Jessica
  1989 | D:3      | Noticed Ijyb
  1997 | D:3      | Killed Ijyb
  1998 | D:3      | Reached skill level 4 in Fighting
  2311 | D:4      | Reached skill level 1 in Throwing
  2330 | D:4      | Noticed Eustachio
  2330 | D:4      | Noticed a phantom
  2339 | D:4      | HP: 2/42 [ufetubus[Eustachio] (4)]
  2340 | D:4      | Slain by an ufetubus

Illustrated notes

Levels and vault maps discovered:
D:1:      minmay_arrival_diagonal_passages, layout_basic, serial_shops, shop
D:2:      wander_river, layout_loops_ring
D:3:      layout_loops_cross, ashenzari_conservatory_becter, uniq_ijyb,
          uniq_jessica
D:4:      layout_basic, fiery_altar_vehumet, kennysheep_another_room,
          uniq_eustachio, uniq_blork_the_orc

Skill      XL: |  1  2  3  4  5 |
---------------+----------------+-----
Armour         | 3 |  3.8
Axes           | 2 3 |  3.1
Shields        | 3 |  3.4
Fighting       | 4 |  4.1
Throwing       | 1 |  1.0

Action                     |  1- 3 |  4- 6 || total
---------------------------+-------+-------++-------
  Melee: War axe           |   107 |    45 ||   152
    Use: Scroll            |     9 |     3 ||    12
         Potion            |     6 |     2 ||     8
 Armour: Scale mail        |    94 |    44 ||   138
  Dodge: Dodged            |    58 |    17 ||    75
  Block: Buckler           |    24 |    14 ||    38

Table legend: (Time is in decaauts)
 A = Elapsed time spent in this place.
 B = Non-inter-level travel time spent in this place.
 C = Inter-level travel time spent in this place.
 D = Time resting spent in this place.
 E = Time spent auto-exploring this place.
 F = Levels seen in this place.
 G = Mean time per level.
                   A        B        C        D        E       F      G
               +--------+--------+--------+--------+--------+-----+--------+
         Total |   2432 |   2357 |     75 |    178 |   1768 |   4 |  608.0 |
       Dungeon |   2432 |   2357 |     75 |    178 |   1768 |   4 |  608.0 |
               +--------+--------+--------+--------+--------+-----+--------+

Top non-repeatable levels by time:
     D:2: 860 daAuts
     D:3: 740 daAuts
     D:1: 685 daAuts
     D:4: 146 daAuts
